 Dungeon Crawl Stone Soup version 0.28.0-45-g0d030f2227 (webtiles) character file.

Game seed: 3310015382881965704

4 sking99 the Bolt Thrower (level 1, 16/16 HPs)
             Began as a Demonspawn Hunter on May 18, 2022.
             Quit the game on level 1 of the Dungeon.
             The game lasted 00:00:25 (76 turns).

sking99 the Bolt Thrower (Demonspawn Hunter)          Turns: 76, Time: 00:00:26

Health: 16/16      AC:  4    Str: 12    XL:     1   Next: 50%
Magic:  1/1        EV: 11    Int: 12    God:
Gold:   0          SH:  0    Dex: 13    Spells: 0/0 levels left

rFire   . . .      SeeInvis .   a - +1 hand crossbow
rCold   . . .      Faith    .   (no shield)
rNeg    . . .      Spirit   .   c - +0 leather armour
rPois   .          Reflect  .   (no helmet)
rElec   .          Harm     .   (no cloak)
rCorr   .          Rampage  .   e - +0 pair of gloves
Will    .....                   (no boots)
Stlth   +.........              (no amulet)
HPRegen 0.05/turn               (no ring)
MPRegen 0.07/turn               (no ring)

@: no status effects
A: no striking features
a: no special abilities


You were on level 1 of the Dungeon.
You visited 1 branch of the dungeon, and saw 1 of its levels.

Inventory:

Hand Weapons
 a - a +1 hand crossbow (weapon)
 b - a +0 short sword
Missiles
 d - 10 bolts (quivered ammo)
Armour
 c - a +0 leather armour (worn)
 e - a +0 pair of gloves (worn)
Potions
 f - a potion of lignification {unknown}


   Skills:
 + Level 2.1 Fighting
 + Level 3.6 Crossbows
 + Level 1.8 Dodging
 + Level 1.0 Stealth


You couldn't memorise any spells.
You didn't know any spells.
Your spell library was empty.

Dungeon Overview and Level Annotations

Branches:
Dungeon (1/15)

Altars:


Message History

The ball python is severely wounded.
You shoot a bolt. The bolt hits the ball python!
You kill the ball python!
d - 13 bolts (gained 2);
f - an amethyst potion
Things that are here:
a jackal corpse; a ball python corpse
d - 14 bolts (gained 1)
You see here a jackal corpse.
An endoplasm comes into view.
Things that are here:
a bolt; a ball python corpse You see here 4 bolts.
The jackal barely misses you. The jackal completely misses you.
Things that are here:
a bolt; a ball python corpse Fire: 14 bolts
Press: ? - help, Q - select action Shift-Dir - straight line, f - jackal
Aim: a jackal (58% to hit)
You shoot a bolt. The bolt closely misses the jackal.
The jackal closely misses you.
The jackal bites you but does no damage.
Fire: 13 bolts
Press: ? - help, Q - select action Shift-Dir - straight line, f/p - jackal
Aim: a jackal (58% to hit)
You shoot a bolt. The bolt barely misses the jackal.
The jackal completely misses you. The jackal closely misses you.
Fire: 12 bolts
Press: ? - help, Q - select action Shift-Dir - straight line, f/p - jackal
Aim: a jackal (58% to hit)
You shoot a bolt. The bolt closely misses the jackal.
The jackal bites you but does no damage.
The endoplasm barely misses you.
Fire: 11 bolts
Press: ? - help, Q - select action Shift-Dir - straight line, f/p - jackal
Aim: a jackal (58% to hit)
You shoot a bolt. The bolt closely misses the jackal.
The jackal bites you but does no damage.
The endoplasm hits you but does no damage.
The jackal barely misses you.
Are you sure you want to abandon this character and quit the game? (Confirm with "yes".)

#≈≈###≈≈###..##
#....?#(...#.....
#.....§§...§...#
#...!§≈§⌠<.≈...#
#....§≈§...≈...# .
###.....#....#...# ...
#.......##≈≈#'...##
.....###..h#####........?#
.......(J@.†.†............
.....##########.#####.....
... #.# ....# . ..# #####
####


You could see an endoplasm and a jackal.

Vanquished Creatures
  2 jackals (D:1)
  2 ball pythons (D:1)
4 creatures vanquished.

Notes
Turn   | Place    | Note
-------+----------+-------------------------------------------
     0 | D:1      | sking99 the Demonspawn Hunter began the quest for the Orb.
     0 | D:1      | Reached XP level 1. HP: 16/16 MP: 1/1
    16 | D:1      | Reached skill level 1 in Stealth
    76 | D:1      | Quit the game

Illustrated notes

Levels and vault maps discovered:
D:1:      dpeg_arrival_rooms_with_view, layout_rooms, serial_shops, shop,
          minmay_strange_pillars

Skill      XL: |  1 |
---------------+----+-----
Stealth        | 1 |  1.0
Fighting       | |  2.1
Crossbows      | |  3.6
Dodging        | |  1.8

Action                   || total
-------------------------++-------
 Fire: Hand crossbow     ||    13
Armor: Leather armour    ||     5
Dodge: Dodged            ||    11
